APP
OGDEN RAPTORS @ MIAMI (APP) MARLINS
08/02/2044
 
TOP OF THE 1ST
Ogden Raptors batting - Pitching for Miami (APP) Marlins : RHP Adam Brown
Pitching: RHP Adam Brown
Batting: SHB Darius Vinson 0-0: Called Strike
0-1: Ball
1-1: Ball
2-1: Ball
3-1: Foul Ball, location: 2F
3-2: Foul Ball, location: 2F
3-2: Base on Balls
Batting: LHB Santiago Chavira 0-0: Foul Ball, location: 2F
0-1: SINGLE (Line Drive, 8RS, EV 103.8 MPH)
Darius Vinson to second
Batting: LHB Mike Dickinson 0-0: Reached on error, E7 (Flyball, 78D, EV 105.6 MPH)
Darius Vinson to third
Santiago Chavira to second
Batting: RHB Gary Ming 0-0: Ball
1-0: Called Strike
1-1: Ball
2-1: Ball
3-1: Single, Error in OF, E8, batter to second base (Line Drive, 6MD, EV 98.8 MPH)
Darius Vinson scores
Santiago Chavira scores
Mike Dickinson to third
Batting: LHB Tore Bosch 0-0: Foul Ball, location: 2F
0-1: SINGLE (Groundball, 5D, EV 103.1 MPH)
Mike Dickinson scores
Gary Ming to third
Runner from 3rd tries for Home, SAFE, throw by LF to home
Batting: RHB Kevin Ezell 0-0: SINGLE (Groundball, 6MD, EV 96.3 MPH)
Tore Bosch to second
Runner from 2nd tries for 3rd, SAFE, throw by CF made to third
Pitching: RHP Matt Alexander
Batting: RHB Charles Blatchford 0-0: Ball
Wild Pitch!
Tore Bosch scores
Kevin Ezell to second
1-0: Ball
2-0: Foul Ball, location: 2F
2-1: Foul Ball, location: 2F
2-2: 2-RUN HOME RUN (Flyball, 9D, EV 101.3 MPH), Distance : 384 ft
Batting: RHB Luis Hinostroza 0-0: Ball
1-0: Ball
2-0: Foul Ball, location: 2F
2-1: Ball
3-1: SINGLE (Line Drive, 56, EV 100.0 MPH)
Batting: SHB Josh Vaill 0-0: Swinging Strike
0-1: Swinging Strike
0-2: Ball
1-2: Strikes out looking
Batting: SHB Darius Vinson 0-0: Swinging Strike
0-1: Foul Ball, location: 2F
0-2: Foul Ball, location: 2F
0-2: Ball
1-2: Ball
2-2: Fielders Choice at 2nd, 4-6 (Groundball, 4MD, EV 88.1 MPH)
Pitching: LHP Tyler Murders
Batting: LHB Santiago Chavira 0-0: Called Strike
0-1: Foul Ball, location: 2F
0-2: Ball
1-2: Ball
2-2: Foul Ball, location: 2F
2-2: Ball
3-2: Ground out U3 (Groundball, 3, EV 84.4 MPH)
Top of the 1st over - 7 runs, 6 hits, 2 errors, 1 left on base; Ogden 7 - Miami (APP) 0
BOTTOM OF THE 1ST
Miami (APP) Marlins batting - Pitching for Ogden Raptors : RHP Ian Wilson
Pitching: RHP Ian Wilson
Batting: RHB Adrian Bocker 0-0: Ball
1-0: Fly out, F7 (Line Drive, 7, EV 96.9 MPH)
Batting: RHB Jason Thrash 0-0: Ball
1-0: Ball
2-0: Ball
3-0: Base on Balls
Batting: RHB Mario Cota 0-0: SINGLE (Groundball, 34D, EV 105.0 MPH)
Jason Thrash to second
Batting: SHB Matt Moore 0-0: Swinging Strike
0-1: Ball
1-1: Ball
2-1: Ball
3-1: Swinging Strike
3-2: Foul Ball, location: 2F
3-2: Strikes out swinging
Batting: RHB Keith Bennett 0-0: Foul Ball, location: 2F
0-1: Swinging Strike
0-2: Foul Ball, location: 2F
0-2: Fly out, F9 (Flyball, 9LD, EV 106.3 MPH)
Bottom of the 1st over - 0 runs, 1 hit, 0 errors, 2 left on base; Ogden 7 - Miami (APP) 0
TOP OF THE 2ND
Ogden Raptors batting - Pitching for Miami (APP) Marlins : LHP Tyler Murders
Batting: LHB Mike Dickinson 0-0: Ball
1-0: Foul Ball, location: 2F
1-1: Swinging Strike
1-2: Ball
2-2: Foul Ball, location: 2F
2-2: Ball
3-2: Ground out 5-3 (Groundball, 5, EV 84.4 MPH)
Batting: RHB Gary Ming 0-0: Ball
1-0: Ball
2-0: DOUBLE (Line Drive, 7LS, EV 99.4 MPH)
Batting: LHB Tore Bosch 0-0: Ball
1-0: Ball
2-0: Called Strike
2-1: Ball
3-1: Base on Balls
Batting: RHB Kevin Ezell 0-0: Ball
1-0: Ball
2-0: Ball
3-0: Base on Balls
Gary Ming to third
Tore Bosch to second
Batting: RHB Charles Blatchford 0-0: Ball
Wild Pitch!
Gary Ming scores
Tore Bosch to third
Kevin Ezell to second
1-0: Called Strike
1-1: Foul Ball, location: 2F
1-2: Ball
2-2: Ball
3-2: Base on Balls
Batting: RHB Luis Hinostroza 0-0: Ball
1-0: Called Strike
1-1: Ball
2-1: Ball
3-1: Base on Balls
Tore Bosch scores
Kevin Ezell to third
Charles Blatchford to second
Batting: SHB Josh Vaill 0-0: Called Strike
0-1: Swinging Strike
0-2: Strikes out swinging
Batting: SHB Darius Vinson 0-0: Ball
1-0: Ball
2-0: Ball
3-0: Base on Balls
Kevin Ezell scores
Charles Blatchford to third
Luis Hinostroza to second
Pitching: RHP Jeremy Akande
Batting: LHB Santiago Chavira 0-0: Ball
1-0: Foul Ball, location: 2F
1-1: Foul Ball, location: 2F
1-2: Ball
2-2: Strikes out swinging
Top of the 2nd over - 3 runs, 1 hit, 0 errors, 3 left on base; Ogden 10 - Miami (APP) 0
BOTTOM OF THE 2ND
Miami (APP) Marlins batting - Pitching for Ogden Raptors : RHP Ian Wilson
Batting: RHB Rick Knoblauch 0-0: Ball
1-0: Called Strike
1-1: Ball
2-1: Ball
3-1: Base on Balls
Pitching: RHP Victor Delgado
Batting: LHB Gavrilo Brkic 0-0: Called Strike
0-1: Ball
1-1: Foul Ball, location: 2F
1-2: Grounds out, U3 (Groundball, 3L, EV 98.1 MPH)
Batting: LHB Melvin Castro 0-0: Called Strike
0-1: Ball
1-1: Ball
2-1: Ball
3-1: Ground out 1-3 (Groundball, 34S, EV 66.9 MPH)
Rick Knoblauch to third
Batting: LHB Bryan Wedge 0-0: Called Strike
0-1: Ball
1-1: Swinging Strike
1-2: Ball
Wild Pitch!
Rick Knoblauch scores
2-2: Foul Ball, location: 2F
2-2: Strikes out swinging
Bottom of the 2nd over - 1 run, 0 hits, 0 errors, 0 left on base; Ogden 10 - Miami (APP) 1
TOP OF THE 3RD
Ogden Raptors batting - Pitching for Miami (APP) Marlins : RHP Jeremy Akande
Batting: LHB Mike Dickinson 0-0: Swinging Strike
0-1: Ball
1-1: Swinging Strike
1-2: Foul Ball, location: 2F
1-2: Ball
2-2: Ball
3-2: Base on Balls
Batting: RHB Gary Ming 0-0: Ball
1-0: Ball
Wild Pitch!
Mike Dickinson to second
2-0: Ball
3-0: Base on Balls
Batting: LHB Tore Bosch 0-0: Called Strike
0-1: Swinging Strike
0-2: Foul Ball, location: 2F
0-2: SINGLE (Groundball, 4MD, EV 106.3 MPH)
Mike Dickinson to third
Gary Ming to second
Batting: RHB Kevin Ezell 0-0: Called Strike
0-1: Foul Ball, location: 2F
0-2: Ball
1-2: Foul Ball, location: 2F
1-2: SINGLE (Groundball, 6D, EV 94.4 MPH)
Mike Dickinson scores
Gary Ming to third
Tore Bosch to second
Pitching: LHP Mike Wasson
Batting: RHB Charles Blatchford 0-0: Called Strike
0-1: Reached via error on a dropped throw from 3B, E4 (Groundball, 56S, EV 90.6 MPH)
Gary Ming scores
Tore Bosch to third
Kevin Ezell to second
Batting: RHB Luis Hinostroza 0-0: Foul Ball, location: 2F
0-1: Ball
1-1: Ball
2-1: Ball
3-1: Base on Balls
Tore Bosch scores
Kevin Ezell to third
Charles Blatchford to second
Batting: SHB Josh Vaill 0-0: Ball
1-0: Foul Ball, location: 2F
1-1: Swinging Strike
1-2: Ball
Wild Pitch!
Kevin Ezell scores
Charles Blatchford to third
Luis Hinostroza to second
2-2: Ball
3-2: 3-RUN HOME RUN (Flyball, 78XD, EV 103.1 MPH), Distance : 416 ft
Batting: SHB Darius Vinson 0-0: DOUBLE (Line Drive, 78D, EV 113.1 MPH)
Batting: LHB Santiago Chavira 0-0: 2-RUN HOME RUN (Line Drive, 89XD, EV 104.4 MPH), Distance : 431 ft
Batting: LHB Mike Dickinson 0-0: Called Strike
0-1: Called Strike
0-2: Strikes out swinging
Batting: RHB Gary Ming 0-0: Foul Ball, location: 2F
0-1: Ball
1-1: Foul Ball, location: 2F
1-2: Ball
2-2: Ball
3-2: Base on Balls
Batting: LHB Tore Bosch 0-0: Called Strike
0-1: Ball
1-1: Foul Ball, location: 2F
1-2: Strikes out swinging
Batting: RHB Kevin Ezell 0-0: Ball
1-0: Called Strike
1-1: Ball
Passed Ball!
Gary Ming to second
2-1: Ball
3-1: SINGLE (Line Drive, 7S, EV 93.8 MPH)
Gary Ming to third
Throwing error, E7
Gary Ming scores
Kevin Ezell to second
Batting: RHB Charles Blatchford 0-0: Swinging Strike
0-1: Ball
1-1: Ground out 6-3 (Groundball, 6M, EV 83.1 MPH)
Top of the 3rd over - 10 runs, 6 hits, 2 errors, 1 left on base; Ogden 20 - Miami (APP) 1
BOTTOM OF THE 3RD
Miami (APP) Marlins batting - Pitching for Ogden Raptors : RHP Victor Delgado
Batting: RHB Adrian Bocker 0-0: Called Strike
0-1: Ball
1-1: Ball
2-1: Foul Ball, location: 2F
2-2: Foul Ball, location: 2F
2-2: Ball
3-2: Foul Ball, location: 2F
3-2: Foul Ball, location: 2F
3-2: Strikes out swinging
Pitching: RHP Justin Donovan
Batting: RHB Jason Thrash 0-0: Ball
1-0: Ground out 2-3 (Groundball, 2R, EV 60.6 MPH)
Batting: RHB Mario Cota 0-0: Swinging Strike
0-1: Swinging Strike
0-2: Ball
1-2: Ball
2-2: Strikes out swinging, 2-3 out at first.
Bottom of the 3rd over - 0 runs, 0 hits, 0 errors, 0 left on base; Ogden 20 - Miami (APP) 1
TOP OF THE 4TH
Ogden Raptors batting - Pitching for Miami (APP) Marlins : LHP Mike Wasson
Batting: RHB Luis Hinostroza 0-0: Ball
1-0: Ground out 4-3 (Groundball, 4, EV 80.6 MPH)
Batting: SHB Josh Vaill 0-0: Called Strike
0-1: Ground out 4-3 (Groundball, 4S, EV 75.6 MPH)
Batting: SHB Darius Vinson 0-0: Foul Ball, location: 2F
0-1: Reached on error, E4 (Flyball, 34D, EV 88.1 MPH)
Batting: LHB Santiago Chavira 0-0: Ball
1-0: Ground out 4-3 (Groundball, 34, EV 86.9 MPH)
Top of the 4th over - 0 runs, 0 hits, 1 error, 1 left on base; Ogden 20 - Miami (APP) 1
BOTTOM OF THE 4TH
Miami (APP) Marlins batting - Pitching for Ogden Raptors : RHP Justin Donovan
Batting: SHB Matt Moore 0-0: Called Strike
0-1: Ball
1-1: Swinging Strike
1-2: Ground out 5-3 (Groundball, 56, EV 90.0 MPH)
Batting: RHB Keith Bennett 0-0: Swinging Strike
0-1: Ball
1-1: Ball
2-1: Called Strike
2-2: Ball
3-2: Strikes out looking
Batting: RHB Rick Knoblauch 0-0: Ball
1-0: Called Strike
1-1: Ball
2-1: Ball
3-1: Foul Ball, location: 2F
3-2: Base on Balls
Pitching: RHP Cory Fischer
Batting: LHB Gavrilo Brkic 0-0: Called Strike
0-1: Foul Ball, location: 2F
0-2: Ball
1-2: Foul Ball, location: 2F
1-2: Strikes out swinging
Bottom of the 4th over - 0 runs, 0 hits, 0 errors, 1 left on base; Ogden 20 - Miami (APP) 1
TOP OF THE 5TH
Ogden Raptors batting - Pitching for Miami (APP) Marlins : LHP Mike Wasson
Batting: LHB Mike Dickinson 0-0: Foul Ball, location: 2F
0-1: Ground out 6-3 (Groundball, 6, EV 100.0 MPH)
Batting: RHB Gary Ming 0-0: Called Strike
0-1: Ball
1-1: Ball
2-1: Foul Ball, location: 2F
2-2: Foul Ball, location: 2F
2-2: Ball
3-2: Foul Ball, location: 2F
3-2: Base on Balls
Batting: LHB Tore Bosch 0-0: SINGLE (Groundball, 4MD, EV 95.6 MPH)
Gary Ming to second
Batting: RHB Kevin Ezell 0-0: SINGLE (Flyball, 4MD, EV 91.9 MPH)
Gary Ming to third
Tore Bosch to second
Batting: RHB Charles Blatchford 0-0: Called Strike
0-1: Fly out, F4 (Flyball, 34D, EV 94.4 MPH)
Batting: RHB Luis Hinostroza 0-0: Called Strike
0-1: Ball
1-1: Ball
2-1: Foul Ball, location: 2F
2-2: Strikes out looking
Top of the 5th over - 0 runs, 2 hits, 0 errors, 3 left on base; Ogden 20 - Miami (APP) 1
BOTTOM OF THE 5TH
Miami (APP) Marlins batting - Pitching for Ogden Raptors : RHP Cory Fischer
Batting: LHB Melvin Castro 0-0: Swinging Strike
0-1: Ball
1-1: Foul Ball, location: 2F
1-2: Ball
2-2: Strikes out swinging
Batting: LHB Bryan Wedge 0-0: Ball
1-0: Called Strike
1-1: Called Strike
1-2: Ball
2-2: Strikes out swinging
Batting: RHB Adrian Bocker 0-0: Ball
1-0: SINGLE (Popup, 34S, EV 75.6 MPH)
Batting: RHB Jason Thrash 0-0: Ball
1-0: Ball
2-0: Ball
3-0: Called Strike
3-1: Base on Balls
Adrian Bocker to second
Pitching: RHP Ramon Luna
Batting: RHB Mario Cota 0-0: Called Strike
0-1: Foul Ball, location: 2F
0-2: Ball
1-2: Ball
2-2: Strikes out swinging
Bottom of the 5th over - 0 runs, 1 hit, 0 errors, 2 left on base; Ogden 20 - Miami (APP) 1
TOP OF THE 6TH
Ogden Raptors batting - Pitching for Miami (APP) Marlins : LHP Mike Wasson
Batting: SHB Josh Vaill 0-0: Swinging Strike
0-1: Foul Ball, location: 2F
0-2: Strikes out looking
Batting: SHB Darius Vinson 0-0: Ball
1-0: Ball
2-0: Called Strike
2-1: Ball
3-1: Base on Balls
Batting: LHB Santiago Chavira 0-0: Fly out, F8 (Flyball, 8RM, EV 88.8 MPH)
Batting: LHB Mike Dickinson 0-0: Ball
1-0: Called Strike
1-1: Ball
2-1: Foul Ball, location: 2F
2-2: Strikes out swinging
Top of the 6th over - 0 runs, 0 hits, 0 errors, 1 left on base; Ogden 20 - Miami (APP) 1
BOTTOM OF THE 6TH
Miami (APP) Marlins batting - Pitching for Ogden Raptors : RHP Ramon Luna
Batting: SHB Matt Moore 0-0: Swinging Strike
0-1: Reached on error, E3 (Groundball, 34, EV 98.8 MPH)
Batting: RHB Keith Bennett 0-0: Fly out, F7 (Flyball, 78S, EV 79.4 MPH)
Batting: RHB Rick Knoblauch 0-0: Fielders Choice at 2nd, 6-4 (Groundball, 6, EV 86.9 MPH)
Batting: LHB Gavrilo Brkic 0-0: Called Strike
0-1: Called Strike
0-2: Ball
1-2: Strikes out looking
Bottom of the 6th over - 0 runs, 0 hits, 1 error, 1 left on base; Ogden 20 - Miami (APP) 1
TOP OF THE 7TH
Ogden Raptors batting - Pitching for Miami (APP) Marlins : LHP Mike Wasson
Batting: RHB Gary Ming 0-0: Ball
1-0: SINGLE (Groundball, 34D, EV 105.6 MPH)
Batting: LHB Tore Bosch 0-0: Ball
1-0: Fly out, F8 (Flyball, 8LXD, EV 88.1 MPH)
Batting: RHB Kevin Ezell 0-0: Ball
1-0: Ball
2-0: Ball
3-0: Base on Balls
Gary Ming to second
Batting: RHB Charles Blatchford 0-0: Ball
1-0: 3-RUN HOME RUN (Flyball, 7D, EV 104.4 MPH), Distance : 391 ft
Batting: RHB Luis Hinostroza 0-0: SOLO HOME RUN (Flyball, 7LD, EV 89.4 MPH), Distance : 333 ft
Batting: SHB Josh Vaill 0-0: Called Strike
0-1: Ball
1-1: Foul Ball, location: 2F
1-2: Ball
2-2: Ball
3-2: DOUBLE (Line Drive, 9LM, EV 111.9 MPH)
Batting: SHB Darius Vinson 0-0: Ball
1-0: Ball
2-0: Called Strike
2-1: Swinging Strike
2-2: Ball
3-2: Foul Ball, location: 2F
3-2: Foul Ball, location: 2F
3-2: Base on Balls
Batting: LHB Santiago Chavira 0-0: Fielders Choice at 2nd, 4-6 (Groundball, 4, EV 86.3 MPH)
Josh Vaill to third
Batting: LHB Mike Dickinson 0-0: Reached on error, E5 (Groundball, 56, EV 84.4 MPH)
Josh Vaill scores
Santiago Chavira to second
Batting: RHB Gary Ming 0-0: Ball
1-0: Ball
2-0: Swinging Strike
2-1: Called Strike
2-2: Foul Ball, location: 2F
2-2: Foul Ball, location: 2F
2-2: Foul Ball, location: 2F
2-2: Ball
3-2: Base on Balls
Santiago Chavira to third
Mike Dickinson to second
Batting: LHB Tore Bosch 0-0: SINGLE (Groundball, 34D, EV 102.5 MPH)
Santiago Chavira scores
Mike Dickinson to third
Gary Ming to second
Batting: RHB Kevin Ezell 0-0: Called Strike
0-1: Ball
1-1: Ball
2-1: Called Strike
2-2: Ball
3-2: Base on Balls
Mike Dickinson scores
Gary Ming to third
Tore Bosch to second
Batting: RHB Charles Blatchford 0-0: Ground out 4-3 (Groundball, 34, EV 76.9 MPH)
Top of the 7th over - 7 runs, 5 hits, 1 error, 3 left on base; Ogden 27 - Miami (APP) 1
BOTTOM OF THE 7TH
Miami (APP) Marlins batting - Pitching for Ogden Raptors : RHP Ramon Luna
Batting: LHB Melvin Castro 0-0: Ball
1-0: Foul Ball, location: 2F
1-1: Ball
2-1: Swinging Strike
2-2: SINGLE (Line Drive, 78S, EV 103.8 MPH)
Pitching: RHP Charles Durand
Batting: LHB Bryan Wedge 0-0: Bunt missed!
0-1: Bunt missed!
0-2: Bunted foul, Strikeout!
Batting: RHB Adrian Bocker 0-0: Foul Ball, location: 2F
0-1: Ball
1-1: Ball
Wild Pitch!
Melvin Castro to second
2-1: Foul Ball, location: 2F
2-2: Foul Ball, location: 2F
2-2: Strikes out swinging
Batting: RHB Jason Thrash 0-0: Ball
1-0: Ball
2-0: Ball
3-0: Base on Balls
Batting: RHB Mario Cota 0-0: Foul Ball, location: 2F
0-1: Foul Ball, location: 2F
0-2: Hit by Pitch
Melvin Castro to third
Jason Thrash to second
Batting: SHB Matt Moore 0-0: Ball
1-0: Foul Ball, location: 2F
1-1: Foul Ball, location: 2F
1-2: Strikes out looking
Bottom of the 7th over - 0 runs, 1 hit, 0 errors, 3 left on base; Ogden 27 - Miami (APP) 1
TOP OF THE 8TH
Ogden Raptors batting - Pitching for Miami (APP) Marlins : LHP Mike Wasson
Batting: RHB Luis Hinostroza 0-0: Ball
1-0: Ball
2-0: Ball
3-0: Called Strike
3-1: Base on Balls
Batting: SHB Josh Vaill 0-0: Foul Ball, location: 2F
0-1: Fielders Choice at 2nd, 6-4 (Groundball, 56, EV 87.5 MPH)
Batting: SHB Darius Vinson 0-0: Foul Ball, location: 2F
0-1: Hit by Pitch
Josh Vaill to second
Batting: LHB Santiago Chavira 0-0: Ball
1-0: Swinging Strike
1-1: Ball
2-1: Called Strike
2-2: Foul Ball, location: 2F
2-2: Strikes out swinging
Batting: LHB Mike Dickinson 0-0: Ball
1-0: Foul Ball, location: 2F
1-1: Foul Ball, location: 2F
1-2: SINGLE (Groundball, 15S, EV 70.0 MPH) (infield hit)
Josh Vaill to third
Darius Vinson to second
Batting: RHB Gary Ming 0-0: Foul Ball, location: 2F
0-1: Ground out U3 (Groundball, 34S, EV 87.5 MPH)
Top of the 8th over - 0 runs, 1 hit, 0 errors, 3 left on base; Ogden 27 - Miami (APP) 1
BOTTOM OF THE 8TH
Miami (APP) Marlins batting - Pitching for Ogden Raptors : RHP Charles Durand
Pitching: RHP Matt Alderson
Batting: RHB Keith Bennett 0-0: Ball
1-0: Ball
2-0: Swinging Strike
2-1: Called Strike
2-2: Ball
3-2: Base on Balls
Batting: RHB Rick Knoblauch 0-0: Reached on error, E1 (Groundball, P, EV 71.9 MPH)
Keith Bennett to second
Batting: LHB Gavrilo Brkic 0-0: Sac Bunt to 15S - play at first, batter OUT! 1-3
Keith Bennett to third
Rick Knoblauch to second
Batting: LHB Melvin Castro 0-0: Ball
1-0: Swinging Strike
1-1: Ball
2-1: Ground out 4-3 (Groundball, 4, EV 102.5 MPH)
Keith Bennett scores
Rick Knoblauch to third
Batting: LHB Bryan Wedge 0-0: Ball
1-0: Ground out 3-1 (Groundball, 34, EV 108.8 MPH)
Bottom of the 8th over - 1 run, 0 hits, 1 error, 1 left on base; Ogden 27 - Miami (APP) 2
TOP OF THE 9TH
Ogden Raptors batting - Pitching for Miami (APP) Marlins : LHP Mike Wasson
Batting: LHB Tore Bosch 0-0: SOLO HOME RUN (Flyball, 9D, EV 98.1 MPH), Distance : 378 ft
Batting: RHB Kevin Ezell 0-0: Called Strike
0-1: Ball
1-1: Ball
2-1: Ball
3-1: Foul Ball, location: 2F
3-2: Base on Balls
Batting: RHB Charles Blatchford 0-0: Ball
1-0: Foul Ball, location: 2F
1-1: Foul Ball, location: 2F
1-2: Ball
2-2: Reached on error, E6 (Groundball, 6, EV 87.5 MPH)
Kevin Ezell to second
Batting: RHB Luis Hinostroza 0-0: Swinging Strike
0-1: Called Strike
0-2: Fielders Choice at 2nd, 6-4 (Groundball, 6, EV 106.3 MPH)
Kevin Ezell to third
Batting: SHB Josh Vaill 0-0: Fly out, F7 (Line Drive, 7, EV 88.1 MPH)
Runner from 3rd tags up, SCORES, throw by LF
Batting: SHB Darius Vinson 0-0: Called Strike
0-1: Foul Ball, location: 2F
0-2: Ball
1-2: Ball
2-2: Strikes out swinging
Top of the 9th over - 2 runs, 1 hit, 1 error, 1 left on base; Ogden 29 - Miami (APP) 2
BOTTOM OF THE 9TH
Miami (APP) Marlins batting - Pitching for Ogden Raptors : RHP Matt Alderson
Batting: RHB Adrian Bocker 0-0: Ball
1-0: Foul Ball, location: 2F
1-1: Ground out 4-3 (Groundball, 4, EV 90.6 MPH)
Batting: RHB Jason Thrash 0-0: Foul Ball, location: 2F
0-1: Ground out 4-3 (Groundball, 4, EV 83.8 MPH)
Batting: RHB Mario Cota 0-0: Fly out, F5 (Flyball, 5D, EV 94.4 MPH)
Bottom of the 9th over - 0 runs, 0 hits, 0 errors, 0 left on base; Ogden 29 - Miami (APP) 2
Thursday, March 31st , 2022 - OOTP Baseball 22.12 Build 89